 Dungeon Crawl Stone Soup version 0.29-a0-103-g37f86683bf (webtiles) character file.

Game seed: 7823582298728930096

42145 drugrobin the Severer (level 13, -1/105 HPs)
             Began as a Demigod Warper on Feb 15, 2022.
             Slain by a death yak (19 damage)
             ... on level 5 of the Lair of Beasts.
             The game lasted 01:07:55 (18748 turns).

drugrobin the Severer (Demigod Warper)             Turns: 18748, Time: 01:07:55

Health: -1/105     AC: 10    Str: 28    XL:     13   Next: 47%
Magic:  19/19      EV: 33    Int: 10    God:
Gold:   450        SH:  0    Dex: 25    Spells: 7/15 levels left

rFire   . . .      SeeInvis .   a - +8 frozen axe "Frostbite" {freezing cloud, *Noise Fly rC+}
rCold   + . .      Faith    .   (shield currently unavailable)
rNeg    . . .      Spirit   .   V - +0 troll leather armour
rPois   .          Reflect  .   m - +0 helmet
rElec   +          Harm     .   T - +0 cloak
rCorr   +          Rampage  .   y - +1 pair of gloves
Will    +....                   R - +1 pair of boots {Fly}
Stlth   ++........              l - amulet of the acrobat
HPRegen 1.07/turn               W - ring "Nusoogh" {rElec rCorr Str+4 Int-5 Dex+2}
MPRegen 0.16/turn               F - +6 ring of dexterity

@: lethally poisoned (-1 -> -3), acrobatic, flying
A: high MP 1, forlorn, divine attributes
a: no special abilities


You were on level 5 of the Lair of Beasts.
You visited 2 branches of the dungeon, and saw 15 of its levels.

You collected 658 gold pieces.
You spent 208 gold pieces at shops.

Inventory:

Hand Weapons
 a - the +8 frozen axe "Frostbite" (weapon) {freezing cloud, *Noise Fly rC+}
   (You found it on level 5 of the Dungeon)

   It freezes those it strikes, dealing additional cold damage.
   It can also slow down cold-blooded creatures.
   It occasionally leaves clouds of freezing vapour upon striking a foe.
   It grants immunity to clouds of freezing vapour.
   rC:        It protects you from cold.
   Fly:       It grants you flight.
   *Noise:    It may make noises in combat.
 b - a +0 hunting sling
 O - a +0 halberd of flaming
Missiles
 d - 2 boomerangs of dispersal
 g - 46 bolts
 i - 134 sling bullets
 p - 4 poisoned darts
 u - 6 boomerangs (quivered)
 P - 3 curare-tipped darts
Armour
 m - a +0 helmet (worn)
 y - a +1 pair of gloves (worn)
 I - the +2 robe of Wasoreg {rPois rF+ rC+ Int+2}
   (You found it on level 5 of the Dungeon)

   Int:       It affects your intelligence (+2).
   rF:        It protects you from fire.
   rC:        It protects you from cold.
   rPois:     It protects you from poison.
 Q - a scarf of resistance
 R - a +1 pair of boots of flying (worn)
 T - a +0 cloak (worn)
 V - a +0 troll leather armour (worn)
Jewellery
 h - a ring of protection from fire
 l - an amulet of the acrobat (around neck)
 n - a ring of poison resistance
 v - a ring of willpower
 x - a ring of protection from fire
 F - a +6 ring of dexterity (right hand)
 W - the ring "Nusoogh" (left hand) {rElec rCorr Str+4 Int-5 Dex+2}
   (You found it on level 9 of the Dungeon)

   [ring of resist corrosion]

   Str:       It affects your strength (+4).
   Int:       It affects your intelligence (-5).
   Dex:       It affects your dexterity (+2).
   rElec:     It insulates you from electricity.
   rCorr:     It protects you from acid and corrosion.
Wands
 q - a wand of polymorph (9)
 D - a wand of flame (13)
 G - a wand of acid (5)
 U - a wand of iceblast (11)
Scrolls
 e - 6 scrolls of teleportation
 j - 3 scrolls of blinking
 o - 3 scrolls of fear
 r - 4 scrolls of vulnerability
 C - a scroll of brand weapon
 J - 3 scrolls of magic mapping
 K - 2 scrolls of fog
 L - a scroll of immolation {unknown}
 M - 2 scrolls of enchant weapon {unknown}
 S - 3 scrolls of summoning {unknown}
 X - a scroll of torment {unknown}
 Z - 2 scrolls of enchant armour {unknown}
Potions
 f - 3 potions of resistance
 k - 4 potions of haste
 s - 3 potions of mutation
 t - 4 potions of curing
 z - a potion of cancellation
 A - 4 potions of lignification
 B - 2 potions of magic
 E - 4 potions of heal wounds
 N - a potion of berserk rage
 Y - a potion of brilliance


   Skills:
 + Level 7.2 Fighting
 * Level 18.5(18.9) Axes
 - Level 6.7(13.7) Polearms
 - Level 0.8 Throwing
 - Level 0.8 Armour
 + Level 7.5 Dodging
 - Level 1.7 Spellcasting
 - Level 2.6 Translocations


You had 7 spell levels left.
You knew the following spells:

 Your Spells              Type           Power      Damage    Failure   Level
a - Blink                 Tloc           12%        N/A       19%         2
b - Teleport Other        Tloc           6%         N/A       34%         3
c - Gell's Gravitas       Tloc           6%         N/A       34%         3

Your spell library contained the following spells:

 Spells                   Type           Power      Damage    Failure   Level
 Beastly Appendage        Tmut           0%         N/A       34%         1
 Magic Dart               Conj           0%         1d3       34%         1
 Lesser Beckoning         Tloc           6%         N/A       34%         3
 Corpse Rot               Necr/Air       0%         N/A       47%         2
 Searing Ray              Conj           0%         2d4       47%         2
 Wereblood                Tmut           0%         N/A       47%         2
 Spider Form              Tmut/Pois      0%         N/A       71%         3
 Tukima's Dance           Hex            0%         N/A       71%         3
 Passage of Golubria      Tloc           6%         N/A       75%         4
 Manifold Assault         Tloc           6%         N/A       97%         5
 Anguish                  Hex/Necr       0%         N/A       98%         4
 Dispel Undead            Necr           0%         3d6       98%         4
 Fulminant Prism          Conj/Hex       0%         3d6       98%         4
 Yara's Violent Unravell  Hex/Tmut       0%         3d3       100%        5
 Death Channel            Necr           0%         N/A       100%        6
 Enfeeble                 Hex            0%         N/A       100%        7


Dungeon Overview and Level Annotations

Branches:
Dungeon (9/15)             Temple (0/1) D:5            Lair (6/6) D:8
 Shoals (0/4) Lair:2        Snake (0/4) Lair:3        Slime (0/5) Lair:5
    Orc: D:9-12

Shops:
D:4 *   D:6 *

Annotations:
D:3 Grinder
D:6 1 runed translucent door, exclusion: vampire, Theoretic's ghost, novice PaMo
D:9 Harold
Lair:3 3 runed translucent doors, Dymuschiq's ghost, journeyman MfGl
Lair:4 2 transporters, Pooter's ghost, journeyman MiBe


Innate Abilities, Weirdness & Mutations

You have an increased reservoir of magic. (+10% MP)
You shall have no god before yourself.
Your divine heritage dramatically boosts your attributes as you level up.


Message History

You slash the black mamba! You freeze the black mamba.
The black mamba is heavily wounded.
You slice the death yak!! You freeze the death yak. You slice the yak!!
You freeze the yak!
You kill the yak!
You barely miss the death yak.
The black mamba is engulfed in freezing vapours.
The black mamba seems to slow down.
The black mamba bites you!
The death yak is engulfed in freezing vapours.
The death yak closely misses you.
The death yak is engulfed in freezing vapours.
You kill the death yak!
The black mamba is engulfed in freezing vapours.
The black mamba seems to slow down.
The black mamba bites you.
You are poisoned.
The black mamba poisons you!
Unknown command.
Unknown command.
Unknown command.
Unknown command.
Unknown command.
You feel very sick.
The black mamba is engulfed in freezing vapours.
The black mamba seems to slow down.
You kill the black mamba!
The death yak is engulfed in freezing vapours.
The death yak closely misses you.
The death yak is engulfed in freezing vapours.
The death yak gores you!!
* * * LOW HITPOINT WARNING * * *
You fly upwards.
You feel very sick.
There is a stone staircase leading down here.
Unknown command.
Unknown command.
Unknown command.
Unknown command.
Unknown command.
You feel sick. The death yak gores you!!
You die...

##.##..# ##.....### ###...#
##....##### #.##.##
####.#...##..##
##.P..######..##.........#
#.....#.#.#.P............###
.........#.................#
........+....P##........#.##
......†.#..#PP#...........P#
.........#.#####@.........##
........#### ##>Y.......##
#...##### #..Y.<....#.#
###.# #...##.###### ###
#...#### #####


You could see 2 death yaks.

Vanquished Creatures
  Josephine (Lair:6)
  3 hydras
  A boulder beetle (Lair:4)
  A two-headed ogre (D:9)
  3 death yaks (Lair:6)
  A catoblepas (Lair:3)
  Nergalle (Lair:4)
  A fire crab (Lair:4)
  An oklob plant (Lair:3)
  A manticore (Lair:4)
  6 black mambas
  19 elephants
  9 cane toads
  A torpor snail (Lair:4)
  3 rime drakes
  4 komodo dragons
  3 polar bears
  A troll (D:9)
  Prince Ribbit (D:9)
  16 blink frogs
  7 dream sheep
  A snapping turtle (Lair:2)
  Sigmund (D:7)
  3 wraiths
  28 yaks
  11 wyverns (Lair:4)
  10 basilisks
  4 steam dragons
  Edmund (D:3)
  21 water moccasins
  5 black bears
  3 orc warriors
  3 sky beasts (D:6)
  A hornet zombie (D:8)
  2 ice beasts
  6 centaurs
  4 ogres
  2 phantoms
  2 kobold brigands (D:7)
  18 bullfrogs
  3 gnoll sergeants
  2 scorpions
  2 water moccasin zombies
  A wyvern skeleton (D:6)
  A water moccasin skeleton (D:4)
  11 killer bees
  An electric eel (Lair:2)
  2 howler monkeys
  A bullfrog zombie (D:5)
  A centaur zombie (D:6)
  2 jellies
  A centaur skeleton (D:7)
  An orc priest (D:8)
  A bullfrog skeleton (D:5)
  A gnoll shaman (D:6)
  Ijyb (D:4)
  Jessica (D:3)
  4 iguanas
  4 orc wizards
  7 hell rats (Lair:4)
  2 killer bee zombies
  15 gnolls
  7 adders
  A white imp (D:5)
  2 ufetubi
  A worm (D:3)
  3 dart slugs (D:1)
  21 orcs
  6 ball pythons
  4 endoplasms
  2 giant cockroaches
  6 goblins
  9 hobgoblins
  12 kobolds
  3 quokkas
  3 bats
  A frilled lizard (D:1)
  5 rats
361 creatures vanquished.

Vanquished Creatures (others)
  A bush (Lair:2)
  76 fungi
  81 plants
158 creatures vanquished.

Grand Total: 519 creatures vanquished

Notes
Turn   | Place    | Note
-------+----------+-------------------------------------------
     0 | D:1      | drugrobin the Demigod Warper began the quest for the Orb.
     0 | D:1      | Reached XP level 1. HP: 17/17 MP: 5/5
   412 | D:1      | You fall into a shaft and drop 1 floor!
   462 | D:2      | Reached XP level 2. HP: 11/24 MP: 7/7
   622 | D:2      | Learned a level 2 spell: Blink
  1323 | D:1      | Reached XP level 3. HP: 29/29 MP: 8/8
  2125 | D:2      | Learned a level 3 spell: Teleport Other
  2829 | D:2      | Reached XP level 4. HP: 36/36 MP: 9/9
  3853 | D:3      | Noticed Grinder
  3853 | D:3      | Paralysed by Grinder for 3 turns
  4623 | D:4      | Found Itunow's Overcharged Wands.
  4646 | D:4      | Noticed Edmund
  4646 | D:4      | Noticed a phantom
  4667 | D:4      | Noticed Ijyb
  4709 | D:3      | Killed Edmund
  4710 | D:3      | Reached skill level 5 in Polearms
  4710 | D:3      | Reached XP level 5. HP: 40/41 MP: 10/10
  4946 | D:3      | Noticed Jessica
  4953 | D:3      | Killed Jessica
  5034 | D:4      | Reached XP level 6. HP: 25/48 MP: 11/11
  5290 | D:4      | Killed Ijyb
  5412 | D:4      | Identified the +1 helmet of Inquiry {Harm rF- Dex+4 Stlth+}
  5437 | D:4      | Noticed Sigmund
  6108 | D:5      | Entered Level 5 of the Dungeon
  6116 | D:5      | Found a staircase to the Ecumenical Temple.
  6125 | D:5      | Found the +8 frozen axe "Frostbite" {freezing cloud, *Noise
                  | Fly rC+}
  6196 | D:5      | Reached skill level 1 in Axes
  6202 | D:5      | Reached skill level 2 in Axes
  6263 | D:5      | Reached XP level 7. HP: 53/53 MP: 12/12
  6404 | D:5      | Reached skill level 3 in Axes
  6625 | D:5      | Reached skill level 4 in Axes
  6760 | D:5      | Reached skill level 5 in Axes
  7016 | D:5      | Identified the +2 robe of Wasoreg {rPois rF+ rC+ Int+2}
  7253 | D:6      | Found a runed translucent door.
  7254 | D:6      | Noticed Theoretic's ghost (novice PaMo)
  7254 | D:6      | Noticed a +0 trident of chaos
  7336 | D:6      | Noticed a vampire
  7362 | D:6      | Reached skill level 6 in Axes
  7362 | D:6      | Reached XP level 8. HP: 58/60 MP: 13/13
  7377 | D:6      | Reached skill level 7 in Axes
  7377 | D:6      | Found Zais Mai's Assorted Antiques.
  7750 | D:6      | Reached skill level 8 in Axes
  7755 | D:6      | Bought a curved glass wand for 64 gold pieces
  7755 | D:6      | Bought a scroll labelled NEILIE MAHE for 16 gold pieces
  7755 | D:6      | Bought a scroll labelled NOLABR NANGAI for 16 gold pieces
  7755 | D:6      | Bought a scroll labelled QAEZUR ZIXIARPH for 16 gold pieces
  7755 | D:6      | Bought a scroll labelled GAR SUMASIUPH for 16 gold pieces
  7755 | D:6      | Bought a scroll of teleportation for 48 gold pieces
  7755 | D:6      | Bought a scroll of identify for 32 gold pieces
  8552 | D:7      | Reached skill level 9 in Axes
  8644 | D:7      | Reached XP level 9. HP: 63/67 MP: 14/14
  9440 | D:7      | Reached skill level 10 in Axes
  9550 | D:7      | Killed Sigmund
 10275 | D:7      | Reached skill level 11 in Axes
 10495 | D:8      | Found a staircase to the Lair.
 10715 | D:8      | Reached skill level 12 in Axes
 10715 | D:8      | Reached XP level 10. HP: 69/73 MP: 15/15
 11982 | D:9      | Reached skill level 13 in Axes
 12085 | D:9      | Identified the ring "Nusoogh" {rElec rCorr Str+4 Int-5
                  | Dex+2}
 12147 | D:9      | Learned a level 3 spell: Gell's Gravitas
 12153 | D:9      | Noticed Harold
 12164 | D:9      | Noticed Prince Ribbit
 12185 | D:9      | Killed Prince Ribbit
 12492 | D:9      | Noticed a five-headed hydra
 12562 | D:9      | Killed a one-headed hydra
 12654 | D:9      | Noticed a two-headed ogre
 12690 | D:9      | Killed a two-headed ogre
 12691 | D:9      | Reached skill level 14 in Axes
 13200 | Lair:1   | Entered Level 1 of the Lair of Beasts
 13247 | Lair:1   | Noticed a six-headed hydra
 13260 | Lair:1   | Killed a four-headed hydra
 13269 | Lair:1   | Reached XP level 11. HP: 45/79 MP: 10/17
 13918 | Lair:1   | Reached skill level 15 in Axes
 14171 | Lair:2   | Identified the +9 falchion of Tomowuet {antimagic, rPois
                  | rC+}
 14745 | Lair:2   | Reached skill level 16 in Axes
 14901 | Lair:2   | Found a staircase to the Shoals.
 15061 | Lair:3   | Noticed a catoblepas
 15089 | Lair:3   | Found a staircase to the Snake Pit.
 15238 | Lair:3   | Reached XP level 12. HP: 52/89 MP: 18/18
 15560 | Lair:3   | Killed a catoblepas
 15613 | Lair:3   | Found a runed translucent gate.
 15613 | Lair:3   | Found a runed translucent gate.
 15613 | Lair:3   | Found a runed translucent gate.
 15614 | Lair:3   | Noticed an eight-headed hydra
 15616 | Lair:3   | Noticed Dymuschiq's ghost (journeyman MfGl)
 16049 | Lair:4   | Found a transporter.
 16187 | Lair:4   | Reached skill level 17 in Axes
 16187 | Lair:4   | Reached skill level 5 in Dodging
 16286 | Lair:4   | Noticed a six-headed hydra
 16360 | Lair:4   | Noticed a boulder beetle
 16372 | Lair:4   | Killed a boulder beetle
 16404 | Lair:4   | Reached skill level 5 in Fighting
 16475 | Lair:4   | Noticed Nergalle
 16488 | Lair:4   | Killed Nergalle
 16937 | Lair:4   | Found a transporter.
 16945 | Lair:4   | Noticed Pooter's ghost (journeyman MiBe)
 16954 | Lair:4   | Noticed an eight-headed hydra
 17451 | Lair:5   | Found a staircase to the Slime Pits.
 17757 | Lair:5   | Reached XP level 13. HP: 98/102 MP: 19/19
 18297 | Lair:6   | Entered Level 6 of the Lair of Beasts
 18303 | Lair:6   | Reached skill level 18 in Axes
 18419 | Lair:6   | Noticed Josephine
 18427 | Lair:6   | Killed Josephine
 18748 | Lair:5   | Slain by a death yak

Illustrated notes

Levels and vault maps discovered:
D:1:      minmay_arrival_wavy_path, layout_basic, roderic_lattice_a,
          st_stairs_3, minmay_unequal
D:2:      kennysheep_big_flooded_room, layout_basic,
          dilly_ecumenical_altar_fadedgnrine
D:3:      layout_basic, columned_hall_lemuel, fountainhead, nrook_mini_vaults,
          uniq_grinder, uniq_jessica
D:4:      layout_basic, nicolae_shop_overcharged_wands, uniq_ijyb, uniq_sigmund,
          uniq_edmund
D:5:      layout_basic, minmay_temple_entry_drinking_statues,
          serial_corexii_hall, chequers_hall_statues_wall_a,
          corexii_hall_statues_l, supply_closet_lemuel
D:6:      layout_rooms, ebering_ghost_xom, serial_shops, shop,
          hangedman_decor_clover_reticule
D:7:      layout_basic, okawaru_trees_2, minmay_fractal_squares_gapless_5
D:8:      layout_gridville, due_lair_maze_entry_diamond
D:9:      layout_basic, kennysheep_pointless_box, chequers_garden, uniq_harold,
          uniq_prince_ribbit1
Lair:1:   layout_cave_pods
Lair:2:   layout_chaotic_city, minmay_shoals_entry_hut, serial_bayou_pond_c,
          beast_lair_carwin_2
Lair:3:   layout_regular_city, dummy_snake_entry, gammafunk_ghost_split
Lair:4:   layout_layer_cave, nzn_ghost_randoct, special_room
          [special_room_mythical_zoo], uniq_nergalle
Lair:5:   layout_roguey, slime_altar_1, chequers_serial_rivers_marsh,
          kennysheep_basilisk_garden, lemuel_fruit_tree
Lair:6:   grunt_lair_end_beastmaster, layout_concentric_octagons,
          chequers_serial_rivers_micro_c, bobbens_dragon_lair_wall,
          uniq_josephine

Skill      XL: |  1  2  3  4  5  6  7  8  9 10 11 12 13 |
---------------+----------------------------------------+-----
Polearms       | 2 3 4 5 6 |  6.7
Axes           | 2 6 9 12 14 16 17 18 | 18.5
Dodging        | 4 6 7 |  7.5
Fighting       | 3 6 7 |  7.2
Throwing       | |  0.8
Armour         | |  0.8
Spellcasting   | |  1.7
Translocations | |  2.6

Action                   |  1- 3 |  4- 6 |  7- 9 | 10-12 | 13-15 || total
-------------------------+-------+-------+-------+-------+-------++-------
Melee: Spear             |   138 |    19 |     8 |       |       ||   165
       Halberd           |    20 |   100 |       |    27 |    12 ||   159
       Executioner's axe |       |     5 |   144 |   373 |    89 ||   611
 Fire: Hunting sling     |       |       |    10 |     3 |       ||    13
Throw: Dart              |     3 |     6 |    27 |    12 |     1 ||    49
       Boomerang         |     2 |    22 |    40 |    41 |     7 ||   112
       Throwing net      |       |     2 |       |       |       ||     2
 Cast: Blink             |       |     2 |     4 |     4 |       ||    10
       Teleport Other    |       |       |     4 |       |       ||     4
       Gell's Gravitas   |       |       |       |     9 |       ||     9
Evoke: Wand              |       |       |       |     1 |       ||     1
  Use: Scroll            |     3 |     2 |     2 |    12 |     2 ||    21
 Stab: Held in net/web   |       |     1 |       |       |       ||     1
       Distracted        |       |       |     1 |     1 |       ||     2
       Petrifying        |       |       |       |     1 |       ||     1
       Sleeping          |       |       |       |     2 |       ||     2
Armor: Leather armour    |    14 |    21 |    11 |       |       ||    46
       Scale mail        |     1 |       |       |       |       ||     1
       Ring mail         |    17 |    18 |       |       |       ||    35
       Robe              |       |       |    48 |    20 |       ||    68
       Troll leather arm |       |       |       |    88 |    33 ||   121
Dodge: Dodged            |    87 |    72 |   164 |   259 |    86 ||   668

Table legend: (Time is in decaauts)
 A = Elapsed time spent in this place.
 B = Non-inter-level travel time spent in this place.
 C = Inter-level travel time spent in this place.
 D = Time resting spent in this place.
 E = Time spent auto-exploring this place.
 F = Levels seen in this place.
 G = Mean time per level.
                   A        B        C        D        E       F      G
               +--------+--------+--------+--------+--------+-----+--------+
         Total |  18894 |  17966 |    928 |   3380 |   9471 |  15 | 1259.6 |
       Dungeon |  13314 |  12551 |    763 |   2872 |   5916 |   9 | 1479.3 |
          Lair |   5579 |   5414 |    165 |    508 |   3555 |   6 |  929.8 |
               +--------+--------+--------+--------+--------+-----+--------+

Top non-repeatable levels by time:
     D:2: 2351 daAuts
     D:6: 1560 daAuts
     D:1: 1530 daAuts
     D:8: 1527 daAuts
     D:7: 1461 daAuts
  Lair:4: 1420 daAuts
     D:4: 1327 daAuts
     D:9: 1302 daAuts
     D:5: 1139 daAuts
     D:3: 1114 daAuts
  Lair:5: 1074 daAuts
  Lair:3: 993 daAuts
  Lair:1: 971 daAuts
  Lair:2: 893 daAuts
  Lair:6: 227 daAuts
